 Dungeon Crawl Stone Soup version 0.16.2-12-gd0ad4c3 (webtiles) character file.

165 faibistes the Cudgeler (level 5, -4/53 HPs)
             Began as an Ogre Warper on Dec 12, 2017.
             Killed from afar by an orc wizard (7 damage)
             ... with a magic dart
             ... on level 3 of the Dungeon.
             The game lasted 00:06:36 (2096 turns).

faibistes the Cudgeler (Ogre Warper)                Turns: 2096, Time: 00:06:36

Health: -4/53      AC:  3    Str: 16    XL:     5   Next: 46%
Magic:  11/11      EV: 10    Int: 13    God:
Gold:   86         SH:  0    Dex:  9    Spells: 3 memorised, 6 levels left

rFire  . . .     SeeInvis .     a - +0 mace
rCold  . . .     Clarity  .     b - +0 robe
rNeg   . . .     SustAb   .     (shield restricted)
rPois  .         Gourm    .     (helmet restricted)
rElec  .         Spirit   .     (no cloak)
rCorr  .         Warding  .     (gloves unavailable)
rMut   .         Stasis   .     (boots unavailable)
MR     .....                    (no amulet)
Stlth  +.........               (no ring)
                                (no ring)

@: confused, very slightly contaminated, invisible, not resistant to hostile
enchantments, very unstealthy
A: unfitting armour, tough skin 1
a: no special abilities


You were on level 3 of the Dungeon.
You were not hungry.

You visited 1 branch of the dungeon, and saw 4 of its levels.

You collected 86 gold pieces.

Inventory:

Hand weapons
 a - a +0 mace (weapon)
Missiles
 e - 4 tomahawks of dispersal
 h - 5 tomahawks
 l - 29 stones (quivered)
Armour
 b - a +0 robe (worn)
Scrolls
 d - a scroll of blinking
Potions
 j - a potion of berserk rage
 m - a potion of flight {unknown}
Books
 c - a book of Spatial Translocations

   Spells                             Type                      Level
   a - Apportation                    Translocation                1
   b - Blink                          Translocation                2
   c - Shroud of Golubria             Charms/Translocation         2
   d - Portal Projectile              Translocation                3
   e - Teleport Other                 Translocation                3
   f - Passage of Golubria            Translocation                4
Comestibles
 f - a meat ration
 n - a beef jerky
 o - 6 chunks of flesh


   Skills:
 + Level 3.1 Fighting
 * Level 4.0 Maces & Flails
 + Level 1.8 Throwing
 * Level 1.5 Armour
 * Level 2.5 Dodging
 * Level 3.5 Spellcasting
 * Level 2.6 Translocations


You had 6 spell levels left.
You knew the following spells:

 Your Spells              Type           Power        Failure   Level  Hunger
a - Apportation           Tloc           #.........   10%         1    #......
c - Shroud of Golubria    Chrm/Tloc      #.........   21%         2    ##.....
d - Blink                 Tloc           N/A          12%         2    ##.....


Dungeon Overview and Level Annotations

Branches:
Dungeon (4/15)
 Temple: D:4-7

Altars:
Elyvilon
Qazlal
Sif Muna


Innate Abilities, Weirdness & Mutations

You are too large for most types of armour.
You have tough skin (AC +1).


Message History

Something hits you.
* * * LOW HITPOINT WARNING * * *
Drink which item? (? for menu, Esc to quit)
You fade into invisibility!
Something hits you but does no damage.
You are very lightly contaminated with residual magic.
You hit something. Something hits you.
* * * LOW HITPOINT WARNING * * *
You barely miss something. Something hits you but does no damage.
You completely miss something.
You hear some strange, mumbled words.
You are confused.
You swing at nothing.
You bump into the rock wall.
The magic dart hits you!
* * * LOW HITPOINT WARNING * * *
Something hits you but does no damage.
You swing at nothing.
You hear some strange, mumbled words.
The magic dart hits you!
You die...

#.# ######.#...
..#........
##.#.#.#....
#)...)......
#.##.....#
#.@{.#...# ..
#.#.>....#
....#####)#..###
#........._...#
#.######.#.##.#
#......#.#..#.#
###.<....#.#
#........#.#
#.#......#


There were no monsters in sight!

Vanquished Creatures
  An iguana (D:4)
  3 orc wizards
  2 adders
  A worm (D:2)
  A giant gecko (D:1)
  An ooze (D:3)
  3 orcs
  3 bats
  A bat skeleton (D:4)
  A giant cockroach (D:2)
  5 goblins
  6 hobgoblins
  5 jackals
  4 kobolds
  2 giant newts
  3 rats (D:1)
42 creatures vanquished.

Notes
Turn   | Place    | Note
--------------------------------------------------------------
     0 | D:1      | faibistes, the Ogre Warper, began the quest for the Orb.
     0 | D:1      | Reached XP level 1. HP: 22/22 MP: 3/3
   251 | D:1      | Reached XP level 2. HP: 26/29 MP: 5/5
   255 | D:1      | Learned a level 2 spell: Blink
   258 | D:1      | Learned a level 2 spell: Shroud of Golubria
   527 | D:1      | Reached skill level 3 in Maces & Flails
   895 | D:2      | Reached skill level 1 in Armour
   895 | D:2      | Reached XP level 3. HP: 23/37 MP: 1/6
  1109 | D:2      | Noticed an air elemental
  1111 | D:2      | Found a stormy altar of Qazlal.
  1113 | D:2      | Noticed an earth elemental
  1113 | D:2      | Noticed a fire elemental
  1113 | D:2      | Noticed a water elemental
  1242 | D:2      | Found a deep blue altar of Sif Muna.
  1413 | D:3      | Found a white marble altar of Elyvilon.
  1437 | D:3      | Reached XP level 4. HP: 41/45 MP: 5/9
  1824 | D:4      | Reached XP level 5. HP: 49/53 MP: 11/11
  2046 | D:4      | Reached skill level 4 in Maces & Flails
  2096 | D:3      | Killed from afar by an orc wizard

Action                   |  1- 3 |  4- 6 || total
-------------------------+-------+-------++-------
Melee: Mace              |   115 |    87 ||   202
Throw: Stone             |    18 |     6 ||    24
       Tomahawk          |     1 |       ||     1
 Cast: Shroud of Golubri |     6 |    11 ||    17
  Use: Scroll            |       |     4 ||     4
       Potion            |       |     2 ||     2
  Eat: Chunk             |     2 |     3 ||     5
